 Dungeon Crawl Stone Soup version 0.21-a0-529-g8c7b3f5 (webtiles) character file.

44 KristoblXynda the Digger (level 3, -3/31 HPs)
             Began as a Troll Earth Elementalist on Dec 11, 2017.
             Killed by divine providence
             ... invoked by an orc priest
              (15 damage)
             ... on level 2 of the Dungeon.
             The game lasted 00:02:08 (773 turns).

KristoblXynda the Digger (Troll Earth Elementalist)  Turns: 773, Time: 00:02:09

Health: -3/31      AC:  5    Str: 16    XL:     3   Next: 39%
Magic:  3/3        EV: 10    Int: 12    God:
Gold:   50         SH:  0    Dex: 10    Spells: 3/4 levels left

rFire    . . .     SeeInvis .     - Unarmed
rCold    . . .     Gourm    +   (no shield)
rNeg     . . .     Faith    .   c - +0 robe
rPois    .         Spirit   .   (helmet restricted)
rElec    .         Reflect  .   (no cloak)
rCorr    .         Harm     .   (gloves unavailable)
MR       .....                  (boots unavailable)
Stlth    +.........             (no amulet)
HPRegen  0.50/turn              (no ring)
MPRegen  0.08/turn              (no ring)

@: no status effects
A: large, unfitting armour, claws 3, fast metabolism 3, gourmand, regeneration
1, shaggy fur 1, tough skin 2
a: no special abilities


You were on level 2 of the Dungeon.
You were not hungry.

You visited 1 branch of the dungeon, and saw 2 of its levels.

You collected 50 gold pieces.

Inventory:

Missiles
 b - 59 stones (quivered)
Armour
 c - a +0 robe (worn)
Jewellery
 f - an uncursed ring of fire {unknown}
Scrolls
 h - a scroll of identify {unknown}
 i - 2 scrolls of fear {unknown}
 k - 3 scrolls of teleportation {unknown}
Potions
 g - 2 potions of degeneration {unknown}
 j - a potion of curing {unknown}
Books
 e - a book of Geomancy

   Spells                             Type                      Level
   a - Sandblast                      Earth                        1
   b - Passwall                       Transmutation/Earth          2
   c - Stone Arrow                    Conjuration/Earth            3
   d - Petrify                        Transmutation/Earth          4
   e - Lee's Rapid Deconstruction     Earth                        5
Comestibles
 a - 2 meat rations
 d - 2 bread rations


   Skills:
 + Level 2.2 Dodging
 - Level 1.0 Stealth
 * Level 2.4 Unarmed Combat
 - Level 1.2 Spellcasting
   Level 0.6 Transmutations
 - Level 2.6 Earth Magic


You had 3 spell levels left.
You knew the following spells:

 Your Spells              Type           Power        Failure   Level  Hunger
a - Sandblast             Erth           #.....       10%         1    ##.....


Dungeon Overview and Level Annotations

Branches:
Dungeon (2/15)

Altars:


Innate Abilities, Weirdness & Mutations

You are too large for most types of armour.
You have claws for hands.
Your metabolism is lightning-fast.
You like to eat raw meat.
Your natural rate of healing is unusually fast.
You are covered in fur. (AC +1)
You have very tough skin. (AC +2)


Message History

The orc is severely wounded.
The orc misses you.
You claw the orc!
You kill the orc!
The orc priest barely misses you.
Things that are here:
a flail; an orc corpse You closely miss the orc priest.
The orc priest closely misses you.
You completely miss the orc priest. The orc priest hits you with a flail.
You scratch the orc priest.
The orc priest is lightly wounded.
The hobgoblin hits you. The orc priest hits you with a flail!
You scratch the orc priest.
The orc priest is lightly wounded.
The hobgoblin hits you but does no damage.
You claw the orc priest!
The orc priest is severely wounded.
The orc priest invokes the aid of Beogh against you.
Beogh smites you!
You die...

##...## ##.....## #.......#
#.......# #.......# ####
##.....########### ...#
#.......##.......# #..
#.......##.......#
######.####@......##.......#
#.........o.g.........<....#
.#.....#####...####.......#
#.....# ##.## #.......#
#....o# #..# ##.######
........# #.#######.######
........% .<............[.
......... .g ......######..
......##. ......


You could see an orc priest and a hobgoblin.

Vanquished Creatures
  2 oozes (D:1)
  A worm (D:2)
  2 dart slugs (D:1)
  An orc (D:2)
  A ball python (D:1)
  5 bats (D:1)
  2 giant cockroaches
  A hobgoblin (D:1)
  2 jackals (D:1)
  3 kobolds (D:1)
  5 frilled lizards (D:1)
  2 goblins (D:1)
  2 rats (D:1)
29 creatures vanquished.

Notes
Turn   | Place    | Note
-------+----------+-------------------------------------------
     0 | D:1      | KristoblXynda the Troll Earth Elementalist began the quest for the Orb.
     0 | D:1      | Reached XP level 1. HP: 16/16 MP: 1/1
   155 | D:1      | Reached skill level 1 in Unarmed Combat
   234 | D:1      | Reached XP level 2. HP: 22/24 MP: 2/2
   486 | D:1      | Reached XP level 3. HP: 25/31 MP: 3/3
   773 | D:2      | Killed from afar by an orc priest

Vault maps used:
D:1:      onia_arrival_pyramid, minmay_lizard_pond
D:2:      cheibrodos_helix_gallery, serial_curves, eino_curves_01,
          eino_curves_04, eino_curves_04

Skill      XL: |  1  2 |
---------------+-------+-----
Unarmed Combat | 1 2 |  2.4
Dodging        | 2 |  2.2
Stealth        | |  1.0
Spellcasting   | |  1.2
Transmutations | |  0.6
Earth Magic    | |  2.6

Action                   || total
-------------------------++-------
Melee: Unarmed           ||   108
  Eat: Chunk             ||     6
Armor: Robe              ||    52
Dodge: Dodged            ||    68

Table legend:
 A = Spawn XP
 B = Non-spawn XP
 C = Spawn XP percentage of total XP
 D = Spawn monster count
 E = Non-spawn monster count
 F = Spawn count percentage of total count
 G = Total turns spent on level
                    A         B        C        D         E        F      G
               +---------+---------+-------+---------+---------+-------+---------
         Total |       0 |      63 |   0.0 |       0 |      29 |   0.0 |   773
               +---------+---------+-------+---------+---------+-------+---------
           D:1 |       0 |      54 |   0.0 |       0 |      26 |   0.0 |   717
           D:2 |       0 |       9 |   0.0 |       0 |       3 |   0.0 |    56
               +---------+---------+-------+---------+---------+-------+---------
